 Dungeon Crawl Stone Soup version 0.25-a0-464-g3004169c2b (webtiles) character file.

Game seed: 14162212474161331110, levelgen mode: deterministic

38 Esekla the Magician (level 3, -1/19 HPs)
             Began as a Deep Elf Wizard on Feb 5, 2020.
             Was an Initiate of Vehumet.
             Slain by an adder (4 damage)
             ... on level 2 of the Dungeon on Feb 6, 2020.
             The game lasted 00:10:03 (1650 turns).

Esekla the Magician (Deep Elf Wizard)               Turns: 1650, Time: 00:10:03

Health: -1/19      AC:  2    Str:  5    XL:     3   Next: 25%
Magic:  8/12       EV: 13    Int: 22    God:    Vehumet [......]
Gold:   53         SH:  0    Dex: 13    Spells: 12/13 levels left

rFire    . . .     SeeInvis .   e - +0 dagger
rCold    . . .     Gourm    .   (no shield)
rNeg     . . .     Faith    .   a - +0 robe
rPois    .         Spirit   .   b - +0 hat
rElec    .         Reflect  .   (no cloak)
rCorr    .         Harm     .   (no gloves)
MR       .....                  (no boots)
Stlth    ++........             g - amulet of rage
HPRegen  0.06/turn              (no ring)
MPRegen  0.13/turn              (no ring)

@: no status effects
A: no striking features
a: Renounce Religion, Evoke Berserk Rage


You were on level 2 of the Dungeon.
You worshipped Vehumet.
Vehumet was noncommittal.
You were not hungry.

You visited 1 branch of the dungeon, and saw 2 of its levels.

You collected 53 gold pieces.

Inventory:

Hand Weapons
 e - a +0 dagger (weapon)
Missiles
 h - 2 curare-tipped darts (quivered)
Armour
 a - a +0 robe (worn)
 b - a +0 hat (worn)
Jewellery
 g - an amulet of rage (around neck)
Scrolls
 f - a scroll of identify {unknown}
Potions
 c - a potion of lignification {unknown}
Comestibles
 d - 2 rations


   Skills:
 + Level 0.2 Short Blades
 + Level 2.8 Dodging
 + Level 2.6 Stealth
 * Level 5.5 Spellcasting
 + Level 1.6 Conjurations
   Level 1.1 Summonings
   Level 1.1 Translocations


You had 12 spell levels left.
You knew the following spells:

 Your Spells              Type           Power        Failure   Level  Hunger
a - Magic Dart            Conj           ##..         4%          1    None

Your spell library contained the following spells:

 Spells                   Type           Power        Failure   Level  Hunger
 Blink                    Tloc           N/A          10%         2    None
 Call Imp                 Summ           ##......     10%         2    None
 Slow                     Hex            #.......     14%         2    None
 Conjure Flame            Conj/Fire      #.......     21%         3    ##.....
 Mephitic Cloud           Conj/Pois/Air  #.......     22%         3    ##.....


Dungeon Overview and Level Annotations

Branches:
Dungeon (2/15)

Altars:
Sif Muna
Trog
Vehumet
The Shining One


Message History

The adder barely misses you.
Casting: Magic Dart (safe; 4% risk of failure)
Confirm with . or Enter, or press ? or * to list all spells.
Aiming: Magic Dart (safe; 4% risk of failure)
Press: ? - help, Shift-Dir - straight line, f/p - adder
Aim: an adder (lightly wounded)
The magic dart hits the adder.
The adder is heavily wounded.
The adder bites you.
Casting: Magic Dart (safe; 4% risk of failure)
Confirm with . or Enter, or press ? or * to list all spells.
Aiming: Magic Dart (safe; 4% risk of failure)
Press: ? - help, Shift-Dir - straight line, f/p - adder
Aim: an adder (heavily wounded)
The magic dart hits the adder but does no damage.
The adder is heavily wounded.
The adder bites you.
* * * LOW HITPOINT WARNING * * *
The adder bites you.
You die...

# .........S #........
######.#.#.#.#.###.#....
......................
######.#.#.#(#.#....#
#####...>...........#
.#.<.#.#.#.#.#.##..##
...................#
.....#.#.#.#.#.#S..#######
..........###...@........#
..........# #..##..#.....#
..........####.#..(......#
...........###.....#.....#
............###..........#
........#.#..#...#.#######
.#.....#..##...#รท..######.
.####.##.########...).....
.####.#..########........#


You could see an adder.

Vanquished Creatures
  2 dart slugs
  3 leopard geckos (D:1)
  3 goblins
  4 hobgoblins
  9 kobolds
  5 bats
  2 frilled lizards
  4 rats
32 creatures vanquished.

Notes
Turn   | Place    | Note
-------+----------+-------------------------------------------
     0 | D:1      | Esekla the Deep Elf Wizard began the quest for the Orb.
     0 | D:1      | Reached XP level 1. HP: 10/10 MP: 7/7
   516 | D:1      | Reached XP level 2. HP: 15/15 MP: 5/9
   587 | D:1      | Reached skill level 5 in Spellcasting
  1160 | D:2      | Reached XP level 3. HP: 18/19 MP: 7/11
  1206 | D:2      | Found a shimmering blue altar of Sif Muna.
  1212 | D:2      | Found a bloodstained altar of Trog.
  1212 | D:2      | Found a glowing golden altar of the Shining One.
  1213 | D:2      | Found a radiant altar of Vehumet.
  1228 | D:2      | Became a worshipper of Vehumet
  1650 | D:2      | Slain by an adder

Levels and vault maps discovered:
D:1:      lordsloth_arrival_two_stooges, layout_basic, hangedman_feature_mirror,
          serial_park_tiny_1, chequers_serial_rivers_micro_b, minivault_26
D:2:      layout_rooms, minitemple, first_ration, st_stairs_10,
          nicolae_qazlal_eye_of_the_storm

Skill      XL: |  1  2 |
---------------+-------+-----
Spellcasting   | 5 |  5.5
Short Blades   | |  0.2
Dodging        | |  2.8
Stealth        | |  2.6
Conjurations   | |  1.6
Summonings     | |  1.1
Translocations | |  1.1

Action                   || total
-------------------------++-------
Melee: Unarmed           ||     1
       Dagger            ||     8
 Cast: Magic Dart        ||    77
 Stab: Sleeping          ||     4
  Eat: Chunk             ||     2
Armor: Robe              ||     5
Dodge: Dodged            ||    31

Table legend:
 A = Non-vault XP
 B = Vault XP
 C = Vault XP percentage of total XP
 D = Non-vault monster count
 E = Vault monster count
 F = Vault count percentage of total count
                 A         B        C        D         E       F
            +---------+---------+-------+---------+---------+-------
      Total |      54 |       1 |   1.8 |      31 |       1 |   3.1
            +---------+---------+-------+---------+---------+-------
        D:1 |      38 |       0 |   0.0 |      22 |       0 |   0.0
        D:2 |      16 |       1 |   5.9 |       9 |       1 |  10.0
            +---------+---------+-------+---------+---------+-------
